 Dungeon Crawl Stone Soup version 0.17-a0-1485-g22cb0ee (webtiles) character file.

2233 Econoterrorist the Nimble (level 9, -2/39 HPs)
             Began as a Spriggan Enchanter on July 5, 2015.
             Slain by an orc priest
             ... wielding a +0 club
              (3 damage)
             ... on level 6 of the Dungeon.
             The game lasted 00:30:05 (8791 turns).

Econoterrorist the Nimble (Spriggan Enchanter)      Turns: 8791, Time: 00:30:05

Health: -2/39      AC:  3    Str:  9    XL:     9   Next: 14%
Magic:  15/19      EV: 25    Int: 19    God:
Gold:   314        SH:  7    Dex: 17    Spells: 3 memorised, 14 levels left

rFire  + . .     SeeInvis +     a - +4 dagger (venom)
rCold  + + .     Clarity  .     b - +1 robe
rNeg   . . .     SustAt   +     w - +2 buckler
rPois  +         Gourm    .     (helmet restricted)
rElec  +         Spirit   .     (no cloak)
rCorr  +         Warding  .     (gloves unavailable)
rMut   .         Stasis   .     (boots unavailable)
MR     +....                    (no amulet)
Stlth  ++++......               r - ring of sustain attributes
                                k - ring of protection from cold

@: mighty, resistant, very slightly contaminated, very quick, somewhat resistant
to hostile enchantments, stealthy
A: unfitting armour, see invisible, herbivore 3, speed 3, slow metabolism 2
a: no special abilities


You were on level 6 of the Dungeon.
You were not hungry.

You visited 1 branch of the dungeon, and saw 6 of its levels.
You also visited: Sewer.

You collected 314 gold pieces.

Inventory:

Hand weapons
 a - a +4 dagger of venom (weapon)
Missiles
 f - 2 throwing nets (quivered)
Armour
 b - a +1 robe (worn)
 w - a +2 buckler (worn)
Jewellery
 k - a ring of protection from cold (left hand)
 r - a ring of sustain attributes (right hand)
Magical devices
 g - a wand of polymorph (1)
 t - a wand of polymorph (14)
 v - a wand of fire (7)
Scrolls
 e - a scroll of amnesia {unknown}
 h - 2 scrolls of enchant armour {unknown}
 i - 6 scrolls of identify {unknown}
 j - 2 scrolls of remove curse
 l - a scroll of random uselessness {unknown}
 p - 3 scrolls of teleportation
 u - a scroll of recharging
 y - a scroll of magic mapping {unknown}
 A - a scroll of fog {unknown}
Potions
 m - 2 potions of might
 n - a potion of resistance
 o - a potion of invisibility {unknown}
 q - a potion of poison
 s - a potion of mutation {unknown}
 x - 4 potions of flight
Books
 c - a book of Maledictions

   Spells                             Type                      Level
   a - Corona                         Hexes                        1
   b - Ensorcelled Hibernation        Hexes/Ice                    2
   c - Confuse                        Hexes                        3
   d - Tukima's Dance                 Hexes                        3
   e - Dazzling Spray                 Conjuration/Hexes            3
Comestibles
 d - 5 bread rations
 z - a fruit


   Skills:
 + Level 7.5 Short Blades
 + Level 9.8 Dodging
 - Level 8.0 Stealth
 - Level 6.0 Spellcasting
 - Level 6.3 Hexes


You had 14 spell levels left.
You knew the following spells:

 Your Spells              Type           Power        Failure   Level  Hunger
a - Corona                Hex            ####...      1%          1    None
b - Ensorcelled Hibernat  Hex/Ice        ###...       10%         2    None
c - Confuse               Hex            ####....     6%          3    ##.....


Dungeon Overview and Level Annotations

Branches:
Dungeon (6/15)
 Temple: D:4-7

Altars:
Sif Muna
Vehumet
Zin


Innate Abilities, Weirdness & Mutations

You are tiny and cannot use many weapons and most armour.
You have supernaturally acute eyesight.
You are a herbivore.
You cover ground extremely quickly.
You need consume almost no food.


Message History

You miscast Ensorcelled Hibernation.
You are very lightly contaminated with residual magic.
You feel a strange surge of energy!
The orc wizard gestures at you while chanting.
The magic dart hits you!
* * * LOW HITPOINT WARNING * * *
The orc priest's eyes start to glow.
You block the orc priest's attack.
Drink which item? (? for menu, Esc to quit)
It was a potion of might.
You feel very mighty all of a sudden. The orc wizard misses you.
Drink which item? (? for menu, Esc to quit)
It was a potion of resistance.
You feel protected. The orc priest closely misses you.
The orc wizard closely misses you.
Drink which item? (? for menu, Esc to quit)
It was a potion of poison.
You feel slightly nauseous. The orc priest hits you with a club.
You die...

#.# #.# #.#
##.##
##...########
#............
##...#######.
#.#####..#
#.....@o.#
#######o##
##o## ##.og#
##....#.#.#.
#...........
#......#.#.#.
+..(.......
#...o..#.#.#


You could see 2 orc priests, an orc wizard, a gnoll and an orc.

Vanquished Creatures
  Grinder (D:3)
  Duvessa (D:4)
  An ice beast (D:5)
  3 ogres
  Dowan (D:4)
  An electric eel (D:6)
  A crimson imp (D:5)
  An orc priest (D:3)
  3 gnoll shamans (D:3)
  A giant frog skeleton (D:5)
  A centaur skeleton (D:4)
  A jelly (D:5)
  An iguana (D:4)
  4 hounds
  6 orc wizards
  A merfolk avatar (Sewer)
  3 worker ants
  A siren (Sewer)
  A hound zombie (D:6)
  3 hound skeletons
  49 gnolls
  8 adders
  2 river rats
  An adder zombie (D:6)
  An ooze (D:3)
  6 worms
  7 giant geckos
  19 orcs
  A bat skeleton (D:4)
  9 goblins
  11 hobgoblins
  13 jackals
  15 kobolds
  4 quokkas
  3 ball pythons
  16 bats
  7 giant cockroaches
  5 giant newts
  39 rats
252 creatures vanquished.

Notes
Turn   | Place    | Note
--------------------------------------------------------------
     0 | D:1      | Econoterrorist the Spriggan Enchanter began the quest for the Orb.
     0 | D:1      | Reached XP level 1. HP: 9/9 MP: 5/5
   144 | D:1      | Reached skill level 5 in Stealth
   232 | D:1      | Reached XP level 2. HP: 13/13 MP: 6/6
   299 | D:1      | Learned a level 2 spell: Ensorcelled Hibernation
   480 | D:1      | Reached skill level 6 in Stealth
   795 | D:2      | Reached XP level 3. HP: 11/16 MP: 8/8
   992 | D:2      | Found a radiant altar of Vehumet.
  1121 | D:2      | Found a faded altar to an unknown god.
  1143 | D:2      | Learned a level 3 spell: Confuse
  1231 | D:2      | Reached skill level 7 in Stealth
  1278 | D:2      | Reached XP level 4. HP: 15/21 MP: 4/9
  1741 | D:3      | Reached skill level 8 in Stealth
  1836 | D:3      | Noticed Grinder
  1843 | D:3      | Killed Grinder
  1843 | D:3      | Reached skill level 5 in Spellcasting
  1843 | D:3      | Reached XP level 5. HP: 2/24 MP: 3/14
  1843 | D:3      | Reached XP level 6. HP: 2/28 MP: 3/15
  3249 | D:3      | Found a glowing silver altar of Zin.
  3435 | D:3      | Reached skill level 5 in Hexes
  3494 | D:3      | Noticed an ogre
  3812 | D:3      | Killed an ogre
  3812 | D:3      | Reached XP level 7. HP: 32/32 MP: 12/17
  4614 | D:3      | Reached skill level 5 in Dodging
  5449 | D:3      | Reached XP level 8. HP: 36/36 MP: 18/18
  5974 | D:4      | Noticed Dowan
  5979 | D:4      | Reached skill level 5 in Short Blades
  5980 | D:4      | Noticed Duvessa
  6001 | D:4      | Killed Duvessa
  6013 | D:4      | Killed Dowan
  6647 | D:4      | Found a deep blue altar of Sif Muna.
  6901 | D:5      | Entered Level 5 of the Dungeon
  7157 | D:5      | Reached skill level 9 in Dodging
  7457 | D:5      | Found a glowing drain.
  7461 | Sewer    | Entered a sewer
  7822 | Sewer    | Noticed a drowned soul
  7823 | Sewer    | Noticed a drowned soul
  7823 | Sewer    | Noticed a drowned soul
  7823 | Sewer    | Noticed a drowned soul
  7824 | Sewer    | Killed a drowned soul
  7825 | Sewer    | Noticed a drowned soul
  7827 | Sewer    | Noticed a drowned soul
  7827 | Sewer    | Killed a drowned soul
  7831 | Sewer    | Killed a drowned soul
  7831 | Sewer    | Killed a drowned soul
  7832 | Sewer    | Noticed a drowned soul
  8059 | D:5      | Reached XP level 9. HP: 28/39 MP: 19/19
  8788 | D:6      | HP: 1/39 [orc wizard/magic dart (9)]
  8791 | D:6      | Slain by an orc priest

Vault maps used:
D:1:      minmay_arrival_three_doors
D:2:      nicolae_overflow_crystal_walls, ecumenical_altar_1, st_stairs_1
D:3:      lemuel_castle_with_subvaults, zin_scriptorium, grunt_ministairs_12,
          minmay_misc_feat_plants, uniq_grinder
D:4:      kennysheep_little_box, first_bread, minmay_hedge_maze,
          kennysheep_opposing_triangles, uniq_duvessa
D:5:      gup_sewer_entry_spiral
D:6:      serial_bayou, serial_bayou_crossing, serial_bayou_pond_e,
          serial_bayou_pond_c, serial_bayou_lagoon_a, st_stairs_10
Sewer:    sewer_sea

Action                   |  1- 3 |  4- 6 |  7- 9 || total
-------------------------+-------+-------+-------++-------
Melee: Dagger            |   108 |   123 |   439 ||   670
       Unarmed           |       |       |     8 ||     8
 Cast: Ensorcelled Hiber |     2 |    33 |    95 ||   130
       Confuse           |       |     2 |     1 ||     3
  Use: Scroll            |     3 |       |       ||     3
       Potion            |       |       |     3 ||     3
 Stab: Sleeping          |    20 |    25 |    69 ||   114
       Confused          |       |     1 |     1 ||     2
  Eat: Royal jelly       |       |     1 |     1 ||     2
       Pizza             |       |       |     1 ||     1
       Fruit             |       |       |     1 ||     1
